 Dungeon Crawl Stone Soup version 0.29-a0-582-ge82337ba6a (webtiles) character file.

Game seed: 13505099181237092544

431 bande the Covered (level 6, -2/39 HPs)
             Began as a Gargoyle Fighter on June 15, 2022.
             Slain by a scorpion (6 damage)
             ... on level 4 of the Dungeon.
             The game lasted 00:05:13 (4720 turns).

bande the Covered (Gargoyle Fighter)                Turns: 4720, Time: 00:05:14

Health: -2/39      AC: 15    Str: 19    XL:     6   Next: 99%
Magic:  6/6        EV:  7    Int:  9    God:
Gold:   117        SH:  5    Dex: 11    Spells: 5/5 levels left

rFire   . . .      SeeInvis .   a - +1 war axe
rCold   . . .      Faith    .   c - +1 buckler
rNeg    + . .      Spirit   .   r - +0 chain mail
rPois   ∞          Reflect  .   (no helmet)
rElec   +          Harm     .   m - +0 cloak
rCorr   .          Rampage  .   (no gloves)
Will    .....                   (no boots)
Stlth   ..........              (no amulet)
HPRegen 0.13/turn               (no ring)
MPRegen 0.10/turn               (no ring)

@: no status effects
A: sickness immunity, AC +4, negative energy resistance 1, electricity
resistance, torment resistance 1, petrification resistance
a: no special abilities


You were on level 4 of the Dungeon.
You visited 1 branch of the dungeon, and saw 4 of its levels.

You collected 117 gold pieces.

Inventory:

Hand Weapons
 a - a +1 war axe (weapon)
 q - a +0 flail
Armour
 c - a +1 buckler (worn)
 m - a +0 cloak (worn)
 r - a +0 chain mail (worn)
Wands
 d - a wand of digging (1)
 n - a wand of acid (10)
Scrolls
 f - 3 scrolls of enchant armour
 j - a scroll of teleportation
Potions
 e - 2 potions of flight
 g - a potion of brilliance
 h - 2 potions of berserk rage
 i - 2 potions of haste
 l - 3 potions of curing
 o - a potion of resistance {unknown}
 p - 2 potions of degeneration {unknown}


   Skills:
 + Level 4.3 Fighting
 + Level 4.3 Axes
 + Level 5.2 Armour
 - Level 0.4 Stealth
 + Level 4.1 Shields
 * Level 1.2 Evocations


You had 5 spell levels left.
You didn't know any spells.
Your spell library contained the following spells:

 Spells                   Type           Power      Damage    Failure   Level
 Shock                    Conj/Air       0%         1d3       99%         1
 Stone Arrow              Conj/Erth      0%         3d7       100%        3
 Swiftness                Air            0%         N/A       100%        3
 Airstrike                Air            0%         N/A       100%        4
 Animate Armour           Summ/Erth      0%         N/A       100%        4
 Lehudib's Crystal Spear  Conj/Erth      0%         10d2      100%        8


Dungeon Overview and Level Annotations

Branches:
Dungeon (4/15)
 Temple: D:4-7

Altars:
Ru

Shops:
D:2 [


Innate Abilities, Weirdness & Mutations

You are immune to sickness and miasma.
Your stone body is resilient. (AC +4)
You are immune to poison.
You resist negative energy. (rN+)
You are resistant to electric shocks. (rElec)
You are resistant to unholy torment.
You are immune to petrification.


Message History

The giant cockroach closely misses you. The phantom hits you.
Unknown command.
You barely miss the scorpion. You closely miss the phantom.
You barely miss the giant cockroach. The scorpion barely misses you.
You block the giant cockroach's attack. The phantom hits you.
The phantom blinks!
You blink.
The giant cockroach bites you but does no damage.
Unknown command.
The phantom closely misses you.
You hit the giant cockroach.
You kill the giant cockroach!
You hit the phantom. You slash the scorpion! The scorpion stings you.
* * * LOW HITPOINT WARNING * * *
You block the phantom's attack. The scorpion stings you.
* * * LOW HITPOINT WARNING * * *
The phantom completely misses you.
You closely miss the scorpion.
The scorpion is heavily wounded.
You hit the phantom. You block the scorpion's attack.
You block the phantom's attack.
You barely miss the scorpion.
The scorpion is heavily wounded.
You hit the phantom.
You destroy the phantom!
You block the scorpion's attack. The scorpion closely misses you.
You barely miss the scorpion.
The scorpion is moderately wounded.
You block the scorpion's attack.
You closely miss the scorpion.
The scorpion is moderately wounded.
The scorpion stings you but does no damage.
The scorpion stings you.
* * * LOW HITPOINT WARNING * * *
You slash the scorpion!
The scorpion is severely wounded.
The scorpion completely misses you. You block the scorpion's attack.
You barely miss the scorpion.
The scorpion is severely wounded.
The scorpion stings you.
You die...

##################
..................
#.##......s...#
###...†@.#.#
#.####...# #.#
#..# #### ###.#
.... .... #...#
....# ... #. #.###
##### #.# #. #.#
.### #.# #. #.#
... #.# #.
#.##.#######.#.##
#.# #.


You could see a scorpion.

Vanquished Creatures
  Sigmund (D:2)
  A phantom (D:4)
  Crazy Yiuf (D:2)
  2 orc wizards
  A gnoll (D:1)
  6 adders
  A worm (D:3)
  3 dart slugs
  4 orcs (D:3)
  An endoplasm (D:3)
  4 giant cockroaches
  5 goblins
  5 hobgoblins
  A quokka (D:1)
  12 ball pythons
  6 bats
  4 kobolds
  2 rats (D:1)
60 creatures vanquished.

Vanquished Creatures (others)
  2 fungi (D:1)
2 creatures vanquished.

Grand Total: 62 creatures vanquished

Notes
Turn   | Place    | Note
-------+----------+-------------------------------------------
     0 | D:1      | bande the Gargoyle Fighter began the quest for the Orb.
     0 | D:1      | Reached XP level 1. HP: 14/14 MP: 1/1
   382 | D:1      | Reached XP level 2. HP: 14/19 MP: 2/2
   468 | D:1      | Found a faded altar of an unknown god.
   632 | D:1      | Reached XP level 3. HP: 7/24 MP: 3/3
  1640 | D:2      | Found a sacrificial altar of Ru.
  1856 | D:2      | Noticed Sigmund
  1868 | D:2      | Killed Sigmund
  1869 | D:2      | Reached skill level 4 in Armour
  1869 | D:2      | Reached XP level 4. HP: 8/29 MP: 4/4
  1869 | D:2      | Reached XP level 5. HP: 9/33 MP: 5/5
  2306 | D:2      | Found a runed translucent door.
  2307 | D:2      | Noticed Crazy Yiuf
  2455 | D:2      | Found Sukhlotou's Armour Shoppe.
  2692 | D:2      | Killed Crazy Yiuf
  2693 | D:2      | Reached XP level 6. HP: 15/38 MP: 1/6
  3961 | D:3      | Reached skill level 5 in Armour
  4525 | D:4      | Reached skill level 1 in Evocations
  4720 | D:4      | Slain by a scorpion

Illustrated notes

Levels and vault maps discovered:
D:1:      dpeg_arrival_court, layout_loops_ring, shapermc_ecumenical_altar_gd,
          grunt_decor_arrowhead, minmay_close_crescents
D:2:      layout_loops_cross, basic_altar, serial_shops, shop,
          uniq_crazy_yiuf_cottage, uniq_sigmund
D:3:      layout_loops_ring
D:4:      layout_loops_ring, serial_glass, glass_columns_a, glass_columns_a,
          kennysheep_generic_room_7

Skill      XL: |  1  2  3  4  5  6 |
---------------+-------------------+-----
Axes           | 2 3 4 |  4.3
Fighting       | 4 |  4.3
Armour         | 4 5 |  5.2
Shields        | 4 |  4.1
Evocations     | 1 |  1.2
Stealth        | |  0.4

Action                   |  1- 3 |  4- 6 || total
-------------------------+-------+-------++-------
Melee: War axe           |    75 |   125 ||   200
  Use: Scroll            |     4 |     8 ||    12
       Potion            |     1 |       ||     1
Armor: Scale mail        |    37 |    44 ||    81
       Chain mail        |       |    40 ||    40
Dodge: Dodged            |    38 |    61 ||    99
Block: Buckler           |    18 |    45 ||    63

Table legend: (Time is in decaauts)
 A = Elapsed time spent in this place.
 B = Non-inter-level travel time spent in this place.
 C = Inter-level travel time spent in this place.
 D = Time resting spent in this place.
 E = Time spent auto-exploring this place.
 F = Levels seen in this place.
 G = Mean time per level.
                   A        B        C        D        E       F      G
               +--------+--------+--------+--------+--------+-----+--------+
         Total |   4797 |   4727 |     70 |   1410 |   2739 |   4 | 1199.2 |
       Dungeon |   4797 |   4727 |     70 |   1410 |   2739 |   4 | 1199.2 |
               +--------+--------+--------+--------+--------+-----+--------+

Top non-repeatable levels by time:
     D:1: 1631 daAuts
     D:3: 1398 daAuts
     D:2: 1366 daAuts
     D:4: 401 daAuts
